 Dungeon Crawl Stone Soup version 0.17.1-3-g152610e (webtiles) character file.

2088 Peloso the Covered (level 9, 0/78 HPs)
             Began as a Minotaur Fighter on Mar 4, 2016.
             Was a Follower of Okawaru.
             Slain by an orc wizard
             ... wielding a +2 dagger of draining
              (3 damage)
             ... on level 6 of the Dungeon.
             The game lasted 00:21:44 (5198 turns).

Peloso the Covered (Minotaur Fighter)               Turns: 5198, Time: 00:21:44

Health: 0/78       AC:  6    Str: 23      XL:     9   Next: 6%
Magic:  8/8        EV:  8    Int:  4 (5)  God:    Okawaru [*.....]
Gold:   303        SH:  9    Dex:  9 (11) Spells: 0 memorised, 8 levels left

rFire  + . .     SeeInvis .     a - +1 long sword
rCold  x . .     Clarity  +     b - +0 scale mail
rNeg   . . .     SustAt   .     c - +0 shield
rPois  .         Gourm    .     (helmet restricted)
rElec  .         Spirit   .     (no cloak)
rCorr  .         Warding  .     (no gloves)
rMut   .         Stasis   +     (no boots)
MR     .....                    m - amulet of stasis
Stlth  ..........               (no ring)
                                q - ring of fire

@: starving, very heavily drained, not resistant to hostile enchantments,
extremely unstealthy
A: retaliatory headbutt, hooves 1, horns 2, berserk 1, clarity, deterioration 1,
sense surroundings 2, spit poison 2, wild magic 1, evolution 1
a: Spit Poison, Heroism, Renounce Religion


You were on level 6 of the Dungeon.
You worshipped Okawaru.
Okawaru was aware of your devotion.
You were starving.

You visited 1 branch of the dungeon, and saw 6 of its levels.
You also visited: Ossuary.

You collected 327 gold pieces.
You spent 24 gold pieces at shops.

Inventory:

Hand Weapons
 a - a +1 long sword (weapon)
Armour
 b - a +0 scale mail (worn)
 c - a +0 shield (worn)
 v - a +0 pair of boots
Jewellery
 i - an uncursed ring of protection from fire {unknown}
 m - an amulet of stasis (around neck)
 q - a ring of fire (left hand)
Wands
 t - a wand of random effects (37)
Scrolls
 d - a scroll of fog {unknown}
 f - a scroll of fear {unknown}
 h - 2 scrolls of teleportation
 l - a scroll of enchant weapon
 n - 5 scrolls of identify
 s - 4 scrolls of remove curse
 A - 2 scrolls of magic mapping {unknown}
 C - a scroll of acquirement {unknown}
Potions
 o - a potion of agility
 p - 3 potions of curing
 r - a potion of heal wounds
 B - a potion of haste
 E - 3 potions of poison
Comestibles
 e - 6 bread rations
 g - 2 fruits
 j - 4 meat rations


   Skills:
 + Level 6.8(2.6) Fighting
 + Level 6.6(2.4) Long Blades
 + Level 7.9(3.6) Armour
 + Level 5.2(1.2) Dodging
 + Level 0.6(0.0) Stealth
 + Level 7.5(3.3) Shields
 + Level 0.3(0.0) Evocations


You had 8 spell levels left.
You didn't know any spells.

Dungeon Overview and Level Annotations

Branches:
Dungeon (6/15)
 Temple: D:4-7

Altars:
Dithmenos
Elyvilon
Kikubaaqudgha
Okawaru
Ru
Sif Muna
Xom
Zin

Shops:
D:5 *


Innate Abilities, Weirdness & Mutations

You reflexively headbutt those who attack you in melee.
You have a pair of horns on your head.
You have large cloven feet.
You tend to lose your temper in combat.
You possess an exceptional clarity of mind.
Your body sometimes deteriorates upon taking damage.
You passively map the area around you.
You can spit poison.
Your spells are a little harder to cast, but a little more powerful.
You evolve.


Message History

* * * LOW HITPOINT WARNING * * *
You feel drained.
* * * LOW HITPOINT WARNING * * *
You hit something. Your kick misses something. You headbutt something.
Something hits you.
* * * LOW HITPOINT WARNING * * *
You feel drained.
You barely miss something. You kick something. Your headbutt misses something.
Something hits you but does no damage.
You feel drained. Something hits you but does no damage.
You feel drained.
You miss something. You headbutt something.
Something hits you but does no damage.
You feel drained.
You miss something. Your kick misses something. You headbutt something.
You are starving!
You hear some strange, mumbled words.
A magic dart appears from out of thin air!
The magic dart hits you!
* * * LOW HITPOINT WARNING * * *
You hit something. Something hits you.
You die...

........#* ##..#...#...#...#
........... #.#...#...#...#.
,
.######.##.###...#...#...#..,
.......>.....#.#...#...#...#
.#.#######.*#....#...#...#. *
, .#..... *#.##..#...#...#..
* ..#### ..."....#...#...# *
..# *,....#.#)..#.?.#. * , *
..# ......)@#...#.. , , ,,
..### , ,......#{..#...# , ,
* ..... ........#...#..,* ,
..### * #.....#...#...# , .##
, , ........# %.#.. *, .#** ,
* ..... ##. #..,# . , ,.....
,. .# ,, , *# ,, .## * # ., ,
* * * , , *


There were no monsters in sight!

Vanquished Creatures
  The ghost of Name63 the Conjurer, a novice GrWz of Vehumet (D:5)
  2 wraiths (Ossuary)
  A water moccasin (D:6)
  An ice beast (D:5)
  4 ogres
  A phantom (D:4)
  A giant frog (D:5)
  3 scorpions (D:5)
  4 wights (Ossuary)
  A crimson imp (D:4)
  A giant frog zombie (D:6)
  An orc priest (D:6)
  3 orc wizards
  Jessica (D:2)
  An iguana (D:4)
  A worker ant (D:4)
  7 adders
  7 river rats (D:4)
  An ooze (D:4)
  An adder zombie (D:5)
  2 adder skeletons (D:5)
  A worm (D:5)
  2 giant geckos
  10 orcs
  A ball python (D:4)
  7 bats
  5 giant cockroaches
  7 hobgoblins
  8 jackals
  2 quokkas
  2 ball python skeletons (Ossuary)
  A giant gecko skeleton (D:4)
  3 giant gecko zombies
  4 giant newts
  6 goblins
  A hobgoblin skeleton (Ossuary)
  5 kobolds
  2 kobold zombies (Ossuary)
  3 orc skeletons (Ossuary)
  20 rats
135 creatures vanquished.

Vanquished Creatures (others)
  A scorpion (D:5)
1 creature vanquished.

Grand Total: 136 creatures vanquished

Notes
Turn   | Place    | Note
--------------------------------------------------------------
     0 | D:1      | Peloso the Minotaur Fighter began the quest for the Orb.
     0 | D:1      | Reached XP level 1. HP: 19/19 MP: 0/0
     0 | D:1      | Noticed an octopode zombie
     2 | D:1      | Noticed a troll zombie
     4 | D:1      | Noticed a human zombie
     8 | D:1      | Noticed an elf zombie
    10 | D:1      | Noticed a formicid zombie
    10 | D:1      | Noticed a vine stalker zombie
    12 | D:1      | Noticed a troll zombie
    14 | D:1      | Noticed an elf zombie
    20 | D:1      | Noticed a troll zombie
   210 | D:1      | Reached skill level 4 in Shields
   238 | D:1      | Reached XP level 2. HP: 27/27 MP: 1/1
   909 | D:2      | Found a sacrificial altar of Ru.
   909 | D:2      | Found an ancient bone altar of Kikubaaqudgha.
   909 | D:2      | Found a shadowy altar of Dithmenos.
   909 | D:2      | Found a white marble altar of Elyvilon.
   916 | D:2      | Found a deep blue altar of Sif Muna.
   916 | D:2      | Found a glowing silver altar of Zin.
  1025 | D:2      | Noticed Jessica
  1031 | D:2      | Killed Jessica
  1031 | D:2      | Reached XP level 3. HP: 33/33 MP: 2/2
  1534 | D:3      | Reached XP level 4. HP: 40/40 MP: 3/3
  1668 | D:3      | Reached skill level 1 in Dodging
  2187 | D:4      | Reached XP level 5. HP: 33/46 MP: 4/4
  2199 | D:4      | Noticed a phantom
  2239 | D:4      | Killed a phantom
  2239 | D:4      | Reached skill level 5 in Shields
  2298 | D:4      | Found a sand-covered staircase.
  2404 | Ossuary  | Entered an ossuary
  2451 | Ossuary  | Reached skill level 5 in Armour
  2451 | Ossuary  | Reached XP level 6. HP: 53/53 MP: 5/5
  2523 | Ossuary  | Noticed a wraith
  2523 | Ossuary  | Noticed a flying skull
  2530 | Ossuary  | Noticed a flying skull
  2539 | Ossuary  | Noticed a flying skull
  2547 | Ossuary  | Noticed a flying skull
  2561 | Ossuary  | Noticed a wraith
  2577 | Ossuary  | Killed a wraith
  2577 | Ossuary  | Reached skill level 5 in Fighting
  2581 | Ossuary  | Reached XP level 7. HP: 17/61 MP: 6/6
  2884 | Ossuary  | Noticed a wraith
  2895 | Ossuary  | Killed a wraith
  2895 | Ossuary  | Reached skill level 5 in Long Blades
  3231 | D:4      | Reached skill level 6 in Armour
  3564 | D:5      | Entered Level 5 of the Dungeon
  3761 | D:5      | Reached XP level 8. HP: 63/70 MP: 7/7
  3790 | D:5      | Noticed Name63's ghost (novice GrWz)
  3880 | D:5      | Gained mutation: You tend to lose your temper in combat. [potion of mutation]
  3880 | D:5      | Gained mutation: Your body sometimes deteriorates upon taking damage. [potion of mutation]
  3880 | D:5      | Gained mutation: You have large cloven feet. [potion of mutation]
  3882 | D:5      | Gained mutation: You can spit weak poison. [potion of mutation]
  3882 | D:5      | Gained mutation: You evolve. [potion of mutation]
  3882 | D:5      | Gained mutation: You can spit poison. [potion of mutation]
  3883 | D:5      | Gained mutation: Your spells are a little harder to cast, but a little more powerful. [potion of mutation]
  3883 | D:5      | Gained mutation: You passively map a small area around you. [potion of mutation]
  3883 | D:5      | Lost mutation: You can spit poison. [potion of mutation]
  4064 | D:4      | Gained mutation: You possess an exceptional clarity of mind. [evolution]
  4156 | D:5      | Gained mutation: You can spit poison. [potion of beneficial mutation]
  4189 | D:5      | Killed Name63's ghost
  4189 | D:5      | Reached skill level 7 in Armour
  4225 | D:5      | Found an iron altar of Okawaru.
  4225 | D:5      | Found a shimmering altar of Xom.
  4238 | D:5      | Became a worshipper of Warmaster Okawaru
  4673 | D:5      | Gained mutation: You passively map the area around you. [evolution]
  4697 | D:5      | Found Qecuwk's Assorted Antiques.
  4703 | D:5      | Bought a scroll labeled QIW QECWEOC for 24 gold pieces
  5105 | D:6      | Reached skill level 5 in Dodging
  5118 | D:6      | Reached XP level 9. HP: 27/78 MP: 8/8
  5188 | D:6      | Reached * piety under Okawaru
  5197 | D:6      | HP: 3/78 [something/magic dart (2)]
  5198 | D:6      | Slain by an orc wizard

Action                   |  1- 3 |  4- 6 |  7- 9 || total
-------------------------+-------+-------+-------++-------
Melee: Long sword        |    99 |   113 |   293 ||   505
       Hand axe          |       |       |    16 ||    16
Evoke: Wand              |       |       |     1 ||     1
  Use: Potion            |       |     1 |    13 ||    14
       Scroll            |       |       |     7 ||     7
  Eat: Chunk             |       |     5 |     6 ||    11
       Beef jerky        |       |       |     1 ||     1
